 Dungeon Crawl Stone Soup version 0.28.0-53-g5a82cb258f (webtiles) character file.

Game seed: 17938504178259454410

15 redbomber the Sneak (level 2, 18/18 HPs)
             Began as a Kobold Brigand on Aug 19, 2022.
             Got out of the dungeon alive.
             The game lasted 00:03:45 (797 turns).

redbomber the Sneak (Kobold Brigand)                 Turns: 797, Time: 00:03:46

Health: 18/18      AC:  3    Str:  8    XL:     2   Next: 65%
Magic:  2/2        EV: 14    Int: 12    God:
Gold:   17         SH:  0    Dex: 16    Spells: 1/1 levels left

rFire   . . .      SeeInvis .   a - +2 dagger
rCold   . . .      Faith    .   (no shield)
rNeg    . . .      Spirit   .   b - +0 robe
rPois   .          Reflect  .   (no helmet)
rElec   .          Harm     .   c - +0 cloak
rCorr   .          Rampage  .   (no gloves)
Will    .....                   (no boots)
Stlth   ++++......              (no amulet)
HPRegen 0.06/turn               (no ring)
MPRegen 0.08/turn               (no ring)

@: no status effects
A: small, no large weapons, nightstalker 3
a: no special abilities


You escaped.
You visited 1 branch of the dungeon, and saw 1 of its levels.

You collected 17 gold pieces.

Inventory:

Hand Weapons
 a - a +2 dagger (weapon)
 g - a +1 dagger of holy wrath
Missiles
 d - 8 poisoned darts (quivered)
 e - 2 curare-tipped darts
Armour
 b - a +0 robe (worn)
 c - a +0 cloak (worn)
 i - an orb of energy
 j - a +0 ring mail
Scrolls
 h - a scroll of identify {unknown}
 k - a scroll of noise {unknown}
Potions
 f - a potion of flight {unknown}


   Skills:
 * Level 2.3 Fighting
 * Level 2.9 Short Blades
 - Level 2.1 Throwing
 * Level 0.2 Armour
 * Level 1.5 Dodging
 + Level 5.8 Stealth


You had one spell level left.
You didn't know any spells.
Your spell library was empty.

Dungeon Overview and Level Annotations

Branches:
Dungeon (1/15)

Altars:


Innate Abilities, Weirdness & Mutations

You are small and have problems with some larger weapons.
You are completely attuned to the shadows.


Message History

The quokka bites you but does no damage.
You barely miss the quokka.
The quokka is almost dead.
The bat hits you but does no damage. The quokka misses you.
You hit the quokka.
You kill the quokka!
The bat hits you but does no damage.
You closely miss the bat. The bat closely misses you.
The bat hits you but does no damage.
You hit the bat but do no damage. The bat closely misses you.
You hit the bat.
The bat is severely wounded.
The bat hits you but does no damage.
You hit the bat.
You kill the bat!
No target in view!
You start removing your armour.
You continue taking off your +0 ring mail. x4
You finish taking off your +0 ring mail.
You start putting on your armour.
You continue putting on your +0 robe. x5
You finish putting on your +0 robe.
You start resting.
HP restored.
k - a scroll labelled YRICKI IZXATAS You start putting on your armour.
You continue putting on your orb of energy. x4
You finish putting on your orb of energy.
You start removing your armour.
You continue taking off your orb of energy. x4
You finish taking off your orb of energy.
Saving game... please wait.
Welcome back, redbomber the Kobold Brigand.
Press ? for a list of commands and other information.
You see here a quokka corpse.
You see here a quokka skeleton.
There is an open gate here.
You see here a +0 dagger.
There is a staircase leading out of the dungeon here.
Are you sure you want to leave the Dungeon?
This will make you lose the game!
You have escaped!

..# .># #.# #.# ..# ###
♣♣≈# ♣♣♣♣♣♣≈≈≈#
♣@P..♣≈≈≈# ♣♣...♣≈≈≈#
#♣♣.....≈≈≈# ###
#.......≈≈≈# ..#
#P.....≈≈≈≈# #.####
#......≈≈≈≈# #....#
#P......≈≈≈#
##'''#########♣.♣....≈≈≈#
##...##.♣♣P.P♣......≈≈≈≈#


There were no monsters in sight!

Vanquished Creatures
  2 giant cockroaches (D:1)
  A goblin (D:1)
  A hobgoblin (D:1)
  3 kobolds (D:1)
  2 quokkas (D:1)
  A ball python (D:1)
  A bat (D:1)
  3 rats (D:1)
14 creatures vanquished.

Notes
Turn   | Place    | Note
-------+----------+-------------------------------------------
     0 | D:1      | redbomber the Kobold Brigand began the quest for the Orb.
     0 | D:1      | Reached XP level 1. HP: 12/12 MP: 1/1
   309 | D:1      | Reached XP level 2. HP: 17/17 MP: 2/2
   797 | D:$      | Got out of the dungeon alive.

Illustrated notes

Levels and vault maps discovered:
D:1:      kennysheep_arrival_seaside, layout_basic

Action                   || total
-------------------------++-------
Melee: Dagger            ||    40
 Stab: Sleeping          ||     9
Armor: Ring mail         ||    10
Dodge: Dodged            ||    18
